 Dungeon Crawl Stone Soup version 0.30.1-11-g7821555f0a (webtiles) character file.

Game seed: 12463094284247866126

4237 thestarryknight the Cruncher (level 10, -11/76 HPs)
             Began as a Human Chaos Knight on Jan 6, 2024.
             Was a Plaything of Xom.
             Mangled by Grum
             ... wielding a +0 halberd
              (14 damage)
             ... on level 8 of the Dungeon.
             The game lasted 00:45:51 (7350 turns).

thestarryknight the Cruncher (Human Chaos Knight)   Turns: 7350, Time: 00:45:51

Health: -11/76     AC: 11    Str: 14    XL:     10   Next: 55%
Magic:  0/12       EV: 14    Int: 13    God:    Xom [...*..]
Gold:   196        SH:  0    Dex: 13    Spells: 8/12 levels left

rFire   . . .        u - +2 quarterstaff (chaos)
rCold   . . .        (shield currently unavailable)
rNeg    . . .        b - +2 leather armour
rPois   +            F - +0 helmet
rElec   .            v - +1 cloak {Will+}
rCorr   .            (no gloves)
SInv    .            (no boots)
Will    +....        D - amulet of guardian spirit
Stlth   ++           h - +4 ring of protection
HPRegen 0.32/turn    B - ring of poison resistance
MPRegen 0.13/turn

%: guardian spirit
@: no status effects
A: talons 2, deformed body, dopey 1
a: Renounce Religion


You were on level 8 of the Dungeon.
You worshipped Xom.
You were a favourite toy of Xom.
You visited 2 branches of the dungeon, and saw 9 of its levels.

You collected 341 gold pieces.
You spent 145 gold pieces at shops.

Inventory:

Hand Weapons
 a - a +0 mace of chaos
 f - a +3 dire flail of holy wrath
 k - a +2 hand axe of flaming
 u - a +2 quarterstaff of chaos (weapon)
Armour
 b - a +2 leather armour (worn)
 m - the +0 leather armour "Cyutwuis" {rCorr}
   (You found it on level 2 of the Dungeon)

   rCorr:     It protects you from acid and corrosion.
 v - a +1 cloak of willpower (worn)
 F - a +0 helmet (worn)
Jewellery
 h - a +4 ring of protection (left hand)
 r - a ring of ice
 B - a ring of poison resistance (right hand)
 D - an amulet of guardian spirit (around neck)
 E - a ring of fire
Wands
 p - a wand of digging (5)
 w - a wand of charming (21)
 C - a wand of mindburst (32)
 J - a wand of flame (14)
Scrolls
 e - 3 scrolls of teleportation
 j - a scroll of silence
 l - a scroll of vulnerability
 s - a scroll of amnesia
 x - 2 scrolls of identify
 y - a scroll of immolation {unknown}
 G - a scroll of enchant armour {unknown}
 I - 3 scrolls of fear {unknown}
Potions
 d - a potion of magic {unknown}
 g - a potion of might {unknown}
 i - a potion of invisibility {unknown}
 n - 2 potions of brilliance {unknown}
 o - 3 potions of heal wounds {unknown}
 q - a potion of attraction {unknown}
 t - 2 potions of mutation {unknown}
 z - a potion of berserk rage {unknown}
 A - a potion of lignification {unknown}
 H - a potion of haste {unknown}
 K - a potion of ambrosia {unknown}
Miscellaneous
 c - a piece from Xom's chessboard (15/15) (quivered)


   Skills:
 + Level 6.3 Fighting
 + Level 4.1(4.9) Axes
 + Level 4.0(7.3) Maces & Flails
 + Level 8.4(8.8) Staves
 + Level 5.1 Armour
 + Level 6.2 Dodging
 + Level 3.3 Stealth
 + Level 1.5 Spellcasting
 + Level 1.0 Conjurations
 + Level 2.4 Evocations


You had 8 spell levels left.
You knew the following spells:

 Your Spells              Type           Power      Damage    Failure   Level
a - Summon Guardian Gole  Hex/Summ       0%         N/A       69%         3
b - Magic Dart            Conj           12%        1d3       22%         1

Your spell library contained the following spells:

 Spells                   Type           Power      Damage    Failure   Level
 Searing Ray              Conj           6%         2d4       32%         2
 Momentum Strike          Conj/Tloc      4%         3d8       38%         2
 Blink                    Tloc           0%         N/A       45%         2
 Lesser Beckoning         Tloc           0%         N/A       45%         2
 Fulminant Prism          Conj/Hex       1%         3d5       95%         4
 Alistair's Intoxication  Tmut/Pois      0%         N/A       100%        5
 Borgnjor's Vile Clutch   Necr/Erth      0%         N/A       100%        5
 Eringya's Noxious Bog    Tmut/Pois      0%         N/A       100%        6
 Orb of Destruction       Conj           1%         9d5       100%        7
 Spellforged Servitor     Conj/Summ      1%         N/A       100%        7


Dungeon Overview and Level Annotations

Branches:
Dungeon (8/15)             Temple (1/1) D:6            Lair (0/5) D:8

Altars:
Ashenzari
Cheibriados
Dithmenos
Fedhas
Gozag
Hepliaklqana
Kikubaaqudgha
Makhleb
Nemelex Xobeh
Ru
Sif Muna
Uskayaw
Vehumet
Xom
Yredelemnul
Zin
The Shining One

Shops:
D:4 :*(   D:8 [*

Annotations:
D:8 Grum


Innate Abilities, Weirdness & Mutations

You have razor-sharp toenails.
Armour fits poorly on your strangely shaped body.
You are dopey. (Int -2)


Message History

You completely miss the wolf. Your kick misses the wolf.
The wolf is moderately wounded.
You are now a favourite toy of Xom.
The wolf barely misses you. x2; The wolf bites you but does no damage.
Grum closely misses you. The wolf bites you but does no damage.
You sock the wolf!
The wolf resists with some effort.
Your kick misses the wolf.
The wolf is almost dead.
You feel sick.
You are no longer poisoned.
The wolf bites you but does no damage. The wolf bites you.
* * * LOW HITPOINT WARNING * * *
The wolf completely misses you.
You miss the wolf.
The wolf is almost dead.
The howler monkey closely misses you. The wolf closely misses you.
Grum barely misses you. The wolf bites you.
* * * LOW HITPOINT WARNING * * *
You closely miss the wolf.
The wolf is almost dead.
The wolf bites you but does no damage.
The howler monkey hoots and howls with incredible vigour!
The wolf bites you.
* * * LOW HITPOINT WARNING * * *
Grum hits you from afar with a +0 halberd!
* * * LOW HITPOINT WARNING * * *
Xom thinks this is hilarious!
The wolf closely misses you.
You hear an angry hiss.
You hear a shout! x5; You hear a loud, deep croak!
The wolf attacks as you move away! The wolf barely misses you.
The wolf attacks as you move away! The wolf closely misses you.
You feel a bit more experienced. Grum closely misses you. The wolf misses you.
Aiming: Mindburst
Press: ? - help, Q - select action, (/) - cycle Shift-Dir - straight line, f - Grum
Aim: Grum, wielding a +0 halberd and wearing a +1 animal skin (chance to affect: 81%) Grum's mind is blasted!!
The wolf barely misses you. x3
Grum hits you from afar with a +0 halberd!
You die...
Xom snickers!

** * ,*** ,, *,
**,, , * , ., *,*
,, ,,, ****#.* ,,
,* **, * * # .##
*, ,* , , ,.,.. ,*
*,* * * **,* *
**#.#. * * * *
,**,** ###.#.### ,
*, ,,,,* #....g..#
,* **,, *,#...#@#
* ** * **,,** **,,
,#hh# *,** ,*,*
,,,,, , .....∩.h.#
*,**,* ,* ** , * ,
**##..#.#..#**,,,,
,,, , **, * #
#...#..,, ** *
**,* ,**,,
........#*** * ,*
,* ,* ##..#..### *
* *,* , ,,*
***##,..#* *,,,
,,** ,* ,,,,,,,
##* * ***,,,,,


You could see Grum, 2 wolves and a howler monkey.

Vanquished Creatures
  Pikel (D:4)
  Maggie (D:6)
  Grinder (D:4)
  Prince Ribbit (D:5)
  Eustachio (D:5)
  A steam dragon (D:7)
  Edmund (D:5)
  4 water moccasins
  A hornet zombie (D:6)
  2 ice beasts
  3 black bears
  2 centaurs
  A bullfrog (D:4)
  A water moccasin zombie (D:6)
  3 jellies
  3 centaur zombies (D:6)
  2 bullfrog zombies (D:6)
  Crazy Yiuf (D:3)
  2 gnoll boudas
  3 orc priests
  2 hounds
  2 sleepcaps
  4 iguanas
  Ijyb (D:4)
  5 orc wizards
  10 adders
  7 gnolls
  A shadow imp (D:6)
  2 ufetubi
  2 worms
  5 dart slugs
  16 orcs
  7 ball pythons
  6 endoplasms
  4 giant cockroaches
  7 goblins
  6 hobgoblins
  4 jackals (D:2)
  7 kobolds
  5 quokkas
  5 bats
  4 frilled lizards
  A rat (D:1)
148 creatures vanquished.

Vanquished Creatures (collateral kills)
  A water moccasin (D:7)
  An ogre (D:7)
  A scorpion (D:8)
  3 killer bees (D:7)
  An orc priest (D:7)
  6 gnolls (D:7)
  A shadow imp (D:7)
  A white imp (D:7)
  3 orcs
18 creatures vanquished.

Vanquished Creatures (others)
  An orc zombie (D:5)
1 creature vanquished.

Grand Total: 167 creatures vanquished

Notes
Turn   | Place    | Note
-------+----------+-------------------------------------------
     0 | D:1      | thestarryknight the Human Chaos Knight began the quest for
                  | the Orb.
     0 | D:1      | Reached XP level 1. HP: 18/18 MP: 1/1
    52 | D:1      | XOM: silly message
   116 | D:1      | XOM: divination: detect items
   173 | D:1      | Reached XP level 2. HP: 24/24 MP: 2/2
   483 | D:1      | XOM: noise
   634 | D:1      | XOM: give mutations
   634 | D:1      | Gained mutation: You possess an exceptional clarity of
                  | mind. [Xom's grace]
   634 | D:1      | Gained mutation: A frigid envelope surrounds you and
                  | freezes all who hurt you. [Xom's grace]
   636 | D:1      | Reached XP level 3. HP: 10/29 MP: 3/3
  1029 | D:2      | XOM: cast spell 'Metabolic Englaciation'
  1066 | D:2      | Reached XP level 4. HP: 29/35 MP: 4/4
  1295 | D:2      | Identified the +0 leather armour "Cyutwuis" {rCorr}
  1520 | D:2      | Reached XP level 5. HP: 41/41 MP: 5/5
  1708 | D:2      | XOM: god gift: +4 ring of protection
  1969 | D:2      | XOM: cloud trail
  2016 | D:3      | Learned a level 3 spell: Summon Guardian Golem
  2497 | D:3      | XOM: scenery: summon butterflies
  2557 | D:3      | XOM is BORED!
  2557 | D:3      | XOM: give mutation
  2557 | D:3      | Gained mutation: You have sharp toenails. [Xom's mischief]
  2770 | D:3      | Learned a level 1 spell: Magic Dart
  2849 | D:3      | Found a runed translucent door.
  2850 | D:3      | Noticed Crazy Yiuf
  2857 | D:3      | Killed Crazy Yiuf
  2858 | D:3      | Reached skill level 1 in Axes
  3023 | D:4      | Noticed Ijyb
  3031 | D:4      | XOM: noise
  3035 | D:4      | Killed Ijyb
  3036 | D:4      | Reached XP level 6. HP: 47/47 MP: 6/6
  3039 | D:4      | Noticed Grinder
  3050 | D:4      | XOM: noise
  3053 | D:4      | XOM: draining
  3055 | D:4      | XOM: summons friendly white imp
  3058 | D:4      | XOM: destruction
  3060 | D:4      | Killed Grinder
  3061 | D:4      | Reached skill level 1 in Stealth
  3142 | D:4      | XOM: give mutations
  3142 | D:4      | Gained mutation: You have razor-sharp toenails. [Xom's
                  | mischief]
  3142 | D:4      | Gained mutation: Armour fits poorly on your strangely
                  | shaped body. [Xom's mischief]
  3183 | D:4      | Found Urintula's Antique Weapon Shop.
  3250 | D:4      | Reached XP level 7. HP: 48/53 MP: 7/7
  3251 | D:4      | XOM: cloud trail
  3257 | D:4      | Found Ryiguplo's Assorted Antiques.
  3269 | D:4      | Noticed Pikel
  3277 | D:4      | Killed Pikel
  3278 | D:4      | Reached skill level 2 in Staves
  3278 | D:4      | Reached XP level 8. HP: 51/60 MP: 8/8
  3371 | D:5      | Entered Level 5 of the Dungeon
  3397 | D:5      | XOM: destruction
  3627 | D:5      | XOM: scenery: 1 doors open
  3639 | D:5      | XOM: 6-stop teleportation journey
  3641 | D:5      | Found a blossoming altar of Fedhas.
  3648 | D:5      | XOM: enchant monster (bad)
  3658 | D:5      | XOM: 2-stop teleportation journey
  3669 | D:5      | Noticed Eustachio
  3672 | D:5      | Noticed Prince Ribbit
  3685 | D:5      | Found an opulent altar of Gozag.
  3694 | D:5      | Reached skill level 1 in Spellcasting
  3709 | D:5      | Noticed Edmund
  3726 | D:5      | Killed Edmund
  3727 | D:5      | Reached skill level 3 in Staves
  3727 | D:5      | Reached skill level 1 in Evocations
  3754 | D:5      | XOM: stat loss: -1 Dex (12/13)
  3781 | D:5      | Killed Prince Ribbit
  3808 | D:5      | Killed Eustachio
  3809 | D:5      | Reached skill level 4 in Staves
  3809 | D:5      | Reached XP level 9. HP: 28/66 MP: 11/11
  3931 | D:4      | Bought a blackened golden amulet for 145 gold pieces
  4190 | D:5      | XOM: give mutations
  4190 | D:5      | Lost mutation: You possess an exceptional clarity of mind.
                  | [Xom's mischief]
  4190 | D:5      | Lost mutation: A frigid envelope surrounds you and freezes
                  | all who hurt you. [Xom's mischief]
  4190 | D:5      | Gained mutation: You are dopey. (Int -2) [Xom's mischief]
  4399 | D:5      | XOM: noise
  4487 | D:4      | XOM: 3-stop teleportation journey
  4541 | D:4      | Found Ydesmuy's Tiny Tomes.
  4672 | D:4      | Reached skill level 5 in Staves
  5079 | D:6      | Reached skill level 5 in Fighting
  5094 | D:6      | Found a basalt altar of Yredelemnul.
  5217 | D:6      | XOM: 3-stop teleportation journey
  5296 | D:6      | Reached skill level 6 in Staves
  5359 | D:6      | Found a snail-covered altar of Cheibriados.
  5401 | D:6      | XOM: noise
  5428 | D:6      | XOM: summons friendly shadow imp
  5522 | D:6      | Found a staircase to the Ecumenical Temple.
  5535 | D:6      | XOM: summons 3 friendly demons
  5593 | D:6      | Noticed Maggie
  5595 | D:6      | XOM: scenery: summon butterflies
  5607 | D:6      | Killed Maggie
  5608 | D:6      | Reached skill level 7 in Staves
  5608 | D:6      | Reached skill level 5 in Armour
  5608 | D:6      | Reached skill level 5 in Dodging
  5608 | D:6      | Reached skill level 1 in Conjurations
  5608 | D:6      | Reached XP level 10. HP: 61/75 MP: 9/12
  5997 | Temple   | Entered the Ecumenical Temple
  6151 | D:7      | XOM: snakes to sticks
  6154 | D:7      | XOM: cast spell 'Leda's Liquefaction'
  6218 | D:7      | Reached skill level 8 in Staves
  6337 | D:7      | XOM: scenery: create altars
  6477 | D:7      | XOM: 1-stop teleportation journey
  6650 | D:7      | XOM: potion effect (haste)
  6837 | D:7      | Found a sparkling altar of Nemelex Xobeh.
  7279 | D:8      | Found Geruqo's Antique Armour Shoppe.
  7318 | D:8      | XOM: confuse monster(s)
  7320 | D:8      | XOM: divination: magic mapping
  7321 | D:8      | XOM: blink monster(s)
  7324 | D:8      | XOM: cast spell 'Disjunction'
  7341 | D:8      | Found Tibryuf's General Store.
  7341 | D:8      | Noticed Grum
  7348 | D:8      | HP: 2/76 [Grum/+0 halberd (8)]
  7350 | D:8      | Mangled by Grum

Illustrated notes

Levels and vault maps discovered:
D:1:      ebering_hopf_link, layout_basic, minmay_misc_feat_iff,
          nicolae_hexahallways, kennysheep_another_room
D:2:      layout_loops_ring, minmay_distorted
D:3:      layout_loops_ring, grunt_ministairs_14,
          nicolae_concentric_dashed_squares_mild, uniq_crazy_yiuf_cottage
D:4:      layout_loops_ring, serial_shops, nicolae_square_shop,
          nicolae_take_the_stairs, nicolae_shop_i_like_small_books_too,
          kennysheep_small_circle, uniq_grinder, uniq_ijyb, uniq_pikel
D:5:      layout_basic, mainiacjoe_overflow_small_starburst,
          nicolae_gozag_cash_rules_everything_around_me, grunt_decor_cap,
          uniq_edmund, uniq_eustachio, uniq_prince_ribbit1
D:6:      layout_loops_ring, mainiacjoe_overflow_paths,
          nicolae_yredelemnul_corpse_copse, temple_statues, uniq_maggie
D:7:      layout_cave_pods, nemelex_diamond_rough_becter,
          hangedman_decor_riveting, st_stairs_5
D:8:      layout_loops_ring, overflow_temple_1_default, tgw_trog,
          due_lair_maze_entry_diamond, serial_shops, nicolae_shop_trees,
          nicolae_shop_advertising_works [nicolae_subvault_shop_adworks], shop,
          shop, shop, eino_small_chamber_without_monster, uniq_maurice,
          uniq_grum
Temple:   hellmonk_temple_of_storms

Skill      XL: |  1  2  3  4  5  6  7  8  9 10 |
---------------+-------------------------------+-----
Armour         | 3 4 5 |  5.1
Dodging        | 2 3 5 6 |  6.2
Maces & Flails | 4 |  4.0
Axes           | 1 2 3 4 |  4.1
Stealth        | 1 2 3 |  3.3
Fighting       | 4 5 6 |  6.3
Staves         | 2 4 7 8 |  8.4
Spellcasting   | 1 |  1.5
Evocations     | 1 2 |  2.4
Conjurations   | 1 |  1.0

Action                     |  1- 3 |  4- 6 |  7- 9 | 10-12 || total
---------------------------+-------+-------+-------+-------++-------
  Melee: Mace              |    31 |       |       |       ||    31
         Hand axe          |    11 |    37 |       |       ||    48
         Punch             |       |     2 |       |       ||     2
         Quarterstaff      |       |    11 |   193 |    71 ||   275
         Kick              |       |     5 |    62 |    15 ||    82
   Cast: Magic Dart        |       |     3 |     4 |       ||     7
  Evoke: Piece from Xom's  |       |     1 |       |       ||     1
         Wand              |       |     3 |    13 |     8 ||    24
    Use: Scroll            |       |     5 |     2 |     3 ||    10
   Stab: Distracted        |       |       |     1 |       ||     1
         Sleeping          |       |       |     1 |       ||     1
 Armour: Leather armour    |    21 |    25 |    85 |    47 ||   178
  Dodge: Dodged            |    34 |    33 |   133 |   133 ||   333
